 Dungeon Crawl Stone Soup version 0.27-a0-1591-gc56fcc985a (webtiles) character file.

Game seed: 15361986415835502416

256 duskshroud the Ruffian (level 5, -3/53 HPs)
             Began as a Troll Gladiator on July 20, 2021.
             Slain by a gnoll (9 damage)
             ... on level 2 of the Dungeon.
             The game lasted 00:02:02 (855 turns).

duskshroud the Ruffian (Troll Gladiator)             Turns: 855, Time: 00:02:02

Health: -3/53      AC:  4    Str: 22    XL:     5   Next: 92%
Magic:  4/4        EV: 10    Int:  4    God:
Gold:   70         SH:  0    Dex: 12    Spells: 4/4 levels left

rFire    . . .     SeeInvis .     - Unarmed
rCold    . . .     Faith    .   (no shield)
rNeg     . . .     Spirit   .   a - +0 robe
rPois    .         Reflect  .   b - +0 hat
rElec    .         Harm     .   (no cloak)
rCorr    .         Rampage  .   (gloves unavailable)
Will     .....                  (boots unavailable)
Stlth    +.........             (no amulet)
HPRegen  1.17/turn              (no ring)
MPRegen  0.09/turn              (no ring)

@: no status effects
A: large, unfitting armour, claws 3, regeneration 1, shaggy fur 1, tough skin 1
a: no special abilities


You were on level 2 of the Dungeon.
You visited 1 branch of the dungeon, and saw 2 of its levels.

You collected 70 gold pieces.

Inventory:

Hand Weapons
 d - a +2 vorpal trident
Missiles
 c - 3 throwing nets (quivered)
Armour
 a - a +0 robe (worn)
 b - a +0 hat (worn)
Scrolls
 i - a scroll of silence {unknown}
 j - a scroll of teleportation {unknown}
Potions
 f - a potion of lignification {unknown}
 g - a potion of attraction {unknown}
 h - a potion of berserk rage {unknown}


   Skills:
 + Level 3.2 Fighting
 - Level 1.7 Throwing
 - Level 2.4 Dodging
 * Level 5.7 Unarmed Combat


You had 4 spell levels left.
You didn't know any spells.
Your spell library contained the following spells:

 Spells                   Type           Power      Damage    Failure   Level
 Borgnjor's Revivificati  Necr           0%         N/A       100%        8
 Necromutation            Tmut/Necr      0%         N/A       100%        8
 Death's Door             Necr           0%         N/A       100%        9


Dungeon Overview and Level Annotations

Branches:
Dungeon (2/15)

Altars:


Innate Abilities, Weirdness & Mutations

You are too large for most types of armour.
You have claws for hands.
Your natural rate of healing is unusually fast.
You are covered in fur. (AC +1)
You have tough skin. (AC +1)


Message History

Things that are here:
a +0 giant spiked club; an ogre corpse You now have 70 gold pieces (gained 2).
Sigmund the Dreaded comes into view.
He is wielding a +0 scythe.
Sigmund shouts!
A gnoll comes into view. It is wielding a +0 club.
Sigmund casts a spell at you. You resist with some effort.
A gnoll comes into view. It is wielding a +0 flail.
The gnoll shouts!
Sigmund points at you and mumbles some strange words.
The puff of flame hits you.
A gnoll comes into view. It is wielding a +0 whip.
The gnoll shouts!
You hear a shout!
Sigmund barely misses you. The gnoll hits you with a +0 flail.
Sigmund closely misses you.
You closely miss Sigmund. The gnoll hits you with a +0 flail.
Sigmund gestures wildly while chanting.
Sigmund flickers and vanishes!
Deactivating autopickup; reactivate with Ctrl-A.
You closely miss something. You claw something!
The gnoll hits you with a +0 flail!
You scratch something but do no damage. Something hits you!
You claw something! The gnoll hits you with a +0 whip.
The gnoll hits you with a +0 flail!
* * * LOW HITPOINT WARNING * * *
Something hits you but does no damage.
A kobold comes into view. It is wielding a +0 short sword.
You claw something!
Reactivating autopickup.
You feel a bit more experienced. The gnoll hits you with a +0 flail.
* * * LOW HITPOINT WARNING * * *
The gnoll hits you with a +0 whip.
* * * LOW HITPOINT WARNING * * *
Your Fighting skill increases to level 3!
Your Unarmed Combat skill increases to level 5!
You have reached level 5!
It was a potion of cancellation.
You feel magically purged. The gnoll hits you with a +0 flail!
You die...

#...#
#...#
#...#
#...#
#...#
#...#
#...#
#...#
#@g.#
#)g......
#.#.#####
#.#g..
#.#.K##
#.#..#
#.# .#
#.#


You could see 3 gnolls and a kobold.

Vanquished Creatures
  Sigmund (D:2)
  An ogre (D:2)
  A dart slug (D:1)
  2 ball pythons
  A giant cockroach (D:2)
  2 goblins (D:1)
  4 jackals (D:2)
  A bat (D:1)
  A kobold (D:1)
  A rat (D:1)
15 creatures vanquished.

Notes
Turn   | Place    | Note
-------+----------+-------------------------------------------
     0 | D:1      | duskshroud the Troll Gladiator began the quest for the Orb.
     0 | D:1      | Reached XP level 1. HP: 19/19 MP: 0/0
   257 | D:1      | Found a faded altar of an unknown god.
   641 | D:1      | Reached XP level 2. HP: 28/28 MP: 1/1
   820 | D:2      | Noticed an ogre
   828 | D:2      | Killed an ogre
   829 | D:2      | Reached skill level 4 in Unarmed Combat
   829 | D:2      | Reached XP level 3. HP: 36/36 MP: 2/2
   829 | D:2      | Reached XP level 4. HP: 44/44 MP: 3/3
   844 | D:2      | Noticed Sigmund
   854 | D:2      | Killed Sigmund
   855 | D:2      | Reached skill level 5 in Unarmed Combat
   855 | D:2      | Reached XP level 5. HP: 5/53 MP: 4/4
   855 | D:2      | Slain by a gnoll

Illustrated notes

Levels and vault maps discovered:
D:1:      dpeg_arrival_simpleton_a, layout_loops_ring, basic_ecumenical_altar
D:2:      layout_basic, uniq_sigmund

Skill      XL: |  1  2  3  4 |
---------------+-------------+-----
Fighting       | 2 3 |  3.2
Unarmed Combat | 4 5 |  5.7
Throwing       | |  1.7
Dodging        | |  2.4

Action                   |  1- 3 |  4- 6 || total
-------------------------+-------+-------++-------
Melee: Unarmed           |    36 |     5 ||    41
       Punch             |     1 |     1 ||     2
  Use: Potion            |       |     1 ||     1
 Stab: Sleeping          |     1 |       ||     1
Armor: Robe              |    12 |     1 ||    13
Dodge: Dodged            |    15 |     2 ||    17

Table legend: (Time is in decaauts)
 A = Elapsed time spent in this place.
 B = Non-inter-level travel time spent in this place.
 C = Inter-level travel time spent in this place.
 D = Time resting spent in this place.
 E = Time spent auto-exploring this place.
 F = Levels seen in this place.
 G = Mean time per level.
                   A        B        C        D        E       F      G
               +--------+--------+--------+--------+--------+-----+--------+
         Total |    852 |    802 |     50 |    100 |    616 |   2 |  426.0 |
       Dungeon |    852 |    802 |     50 |    100 |    616 |   2 |  426.0 |
               +--------+--------+--------+--------+--------+-----+--------+

Top non-repeatable levels by time:
     D:1: 763 daAuts
     D:2: 88 daAuts
